 Dungeon Crawl Stone Soup version 0.18-a0-455-gc7d4c65 (webtiles) character file.

854 M4edhros the Charlatan (level 8, -2/52 HPs)
             Began as an Octopode Artificer on Dec 1, 2015.
             Slain by a wyvern zombie (15 damage)
             ... on level 6 of the Dungeon.
             The game lasted 00:07:26 (2965 turns).

M4edhros the Charlatan (Octopode Artificer)         Turns: 2965, Time: 00:07:26

Health: -2/52      AC:  1    Str: 11    XL:     8   Next: 1%
Magic:  12/12      EV: 13    Int: 20    God:
Gold:   196        SH:  0    Dex: 12    Spells: 1 memorised, 6 levels left

rFire  . . .     SeeInvis .     a - +0 short sword
rCold  . . .     Clarity  .     (no shield)
rNeg   . . .     SustAt   .     (helmet restricted)
rPois  .         Gourm    .     r - amulet of faith
rElec  .         Spirit   .     h - +4 ring of intelligence
rCorr  .         Dsmss    .     (no ring)
rMut   .         Stasis   .     (no ring)
MR     .....                    (no ring)
Stlth  ++++......               (no ring)
                                (no ring)
                                (no ring)
                                (no ring)

@: flying, not resistant to hostile enchantments, stealthy
A: almost no armour, amphibious, 8 rings, constrict 8, camouflage 1, robust 1,
gelatinous body 1
a: no special abilities


You were on level 6 of the Dungeon.
You were not hungry.

You visited 1 branch of the dungeon, and saw 6 of its levels.

You collected 196 gold pieces.

Inventory:

Hand Weapons
 a - a +0 short sword (weapon)
 k - a +0 hunting sling
Missiles
 f - 87 stones (quivered)
 w - 18 sling bullets
Jewellery
 h - a +4 ring of intelligence (left tentacle)
 q - an uncursed ring of ice
 r - an amulet of faith (around mantle)
Wands
 b - a wand of flame (0)
 c - a wand of enslavement (1)
 d - a wand of random effects (0)
 i - a wand of fireball (4)
 s - a wand of polymorph (5)
 u - a wand of slowing (37)
Scrolls
 g - 2 scrolls of magic mapping {unknown}
 j - a scroll of blinking {unknown}
 l - 3 scrolls of identify {unknown}
 m - a scroll of amnesia {unknown}
 n - a scroll of holy word {unknown}
 o - 2 scrolls of enchant armour {unknown}
 t - 2 scrolls of remove curse {unknown}
Potions
 p - a potion of degeneration
Books
 v - a book of Necromancy

   Spells                             Type                      Level
   a - Pain                           Necromancy                   1
   b - Animate Skeleton               Necromancy                   1
   c - Vampiric Draining              Necromancy                   3
   d - Regeneration                   Charms/Necromancy            3
   e - Animate Dead                   Necromancy                   4
   f - Control Undead                 Necromancy                   4
Comestibles
 e - a bread ration
 z - a meat ration


   Skills:
 - Level 1.0 Fighting
 - Level 1.0 Short Blades
 * Level 5.0 Slings
 + Level 3.8 Dodging
 + Level 5.3 Stealth
 + Level 1.1 Spellcasting
 + Level 1.4 Charms
 + Level 1.4 Necromancy
 + Level 5.4 Evocations


You had 6 spell levels left.
You knew the following spells:

 Your Spells              Type           Power        Failure   Level  Hunger
a - Regeneration          Chrm/Necr      #.........   30%         3    ####...


Dungeon Overview and Level Annotations

Branches:
Dungeon (6/15)
 Temple: D:4-7

Altars:
The Shining One

Annotations:
D:3 Natasha


Innate Abilities, Weirdness & Mutations

You cannot wear most types of armour.
You are amphibious.
You can wear up to eight rings at the same time.
You can use your tentacles to constrict eight enemies at once.
Your skin changes colour to match your surroundings (Stealth).
Your rubbery body absorbs attacks (AC +1).
You are robust (+10% HP).


Message History

Press: ? - help, Shift-Dir - straight line, f/p - wyvern zombie
Aim: a wyvern zombie The puff of flame hits the wyvern zombie.
This wand has 1 charge left.
The wyvern zombie bites you.
Evoke which item? (* to show all) (? for menu, Esc to quit)
Zapping:
b - a wand of flame (1)
Press: ? - help, Shift-Dir - straight line, f/p - wyvern zombie
Aim: a wyvern zombie The puff of flame hits the wyvern zombie.
This wand has 0 charges left.
The wyvern zombie bites you!
You barely miss the wyvern zombie. The wyvern zombie closely misses you.
The wyvern zombie bites you!
You hit the wyvern zombie. The wyvern zombie bites you!
* * * LOW HITPOINT WARNING * * *
Drink which item? (? for menu, Esc to quit)
It was a potion of flight.
You feel very buoyant.
You fly up into the air.
The wyvern zombie misses you. The wyvern zombie bites you!
You die...

.......#
......# .#....#
..... .....
#.#.# #.#.#
#.###@#.#.####
#.....Z.......#
#.###.#.#######
...### #####


You could see a wyvern zombie.

Vanquished Creatures
  The ghost of UristPineapples the Archer, a novice CeAM of Xom (D:5)
  Eustachio (D:5)
  3 ogres
  Blork the orc (D:4)
  A scorpion (D:5)
  A centaur zombie (D:5)
  2 hounds (D:5)
  A worker ant (D:5)
  An adder (D:2)
  A worm (D:2)
  An orc (D:4)
  A ball python (D:2)
  2 giant cockroaches
  2 goblins
  4 hobgoblins
  3 jackals (D:5)
  A quokka (D:5)
  5 giant geckos
  6 kobolds
  A rat (D:2)
39 creatures vanquished.

Vanquished Creatures (collateral kills)
  The ghost of M4edhros the Charlatan, an amateur OpAr of Fedhas (D:4)
  An orc priest (D:5)
  An orc (D:4)
  A quokka skeleton (D:4)
4 creatures vanquished.

Vanquished Creatures (others)
  A scorpion (D:5)
  A hound (D:5)
  A jelly (D:5)
  2 orcs (D:5)
5 creatures vanquished.

Grand Total: 48 creatures vanquished

Notes
Turn   | Place    | Note
--------------------------------------------------------------
     0 | D:1      | M4edhros the Octopode Artificer began the quest for the Orb.
     0 | D:1      | Reached XP level 1. HP: 13/13 MP: 3/3
   231 | D:1      | Reached XP level 2. HP: 16/18 MP: 4/4
   396 | D:2      | Found a glowing golden altar of the Shining One.
   473 | D:2      | Reached skill level 1 in Slings
   473 | D:2      | Reached XP level 3. HP: 23/23 MP: 5/5
   656 | D:3      | Noticed Natasha
   663 | D:4      | Noticed an ogre
   675 | D:4      | Killed an ogre
   675 | D:4      | Reached skill level 4 in Evocations
   675 | D:4      | Reached XP level 4. HP: 28/28 MP: 5/7
   675 | D:4      | Reached XP level 5. HP: 33/33 MP: 5/8
   849 | D:4      | Noticed M4edhros's ghost (amateur OpAr)
   874 | D:4      | Noticed an ogre
   895 | D:4      | Killed M4edhros's ghost
   926 | D:4      | Killed an ogre
   950 | D:4      | Noticed a slave
   951 | D:4      | Noticed a slave
   975 | D:5      | Entered Level 5 of the Dungeon
   989 | D:5      | Noticed UristPineapples's ghost (novice CeAM)
  1023 | D:5      | Noticed Eustachio
  1027 | D:5      | Gained mutation: You are robust (+10% HP). [potion of beneficial mutation]
  1034 | D:5      | Noticed an ogre
  1054 | D:5      | Killed an ogre
  1054 | D:5      | Reached XP level 6. HP: 31/41 MP: 9/9
  1107 | D:5      | Killed Eustachio
  1107 | D:5      | Reached skill level 5 in Evocations
  1425 | D:5      | Learned a level 3 spell: Regeneration
  1445 | D:5      | Reached XP level 7. HP: 16/47 MP: 10/10
  1477 | D:5      | Killed UristPineapples's ghost
  1477 | D:5      | Reached skill level 5 in Stealth
  1477 | D:5      | Reached skill level 1 in Charms
  1477 | D:5      | Reached skill level 1 in Necromancy
  1916 | D:4      | Noticed Blork the orc
  2045 | D:4      | Killed Blork the orc
  2045 | D:4      | Reached skill level 1 in Spellcasting
  2262 | D:5      | Noticed a steam dragon
  2262 | D:5      | a centaur changed into a steam dragon
  2649 | D:5      | Reached skill level 5 in Slings
  2649 | D:5      | Reached XP level 8. HP: 39/52 MP: 12/12
  2965 | D:6      | Slain by a wyvern zombie

Vault maps used:
D:1:      dpeg_arrival_rooms_c
D:2:      tso_metal_star
D:3:      first_bread, uniq_terence, uniq_natasha, uniq_crazy_yiuf_cottage
D:4:      minmay_misc_feat_plants, uniq_pikel, uniq_blork_the_orc
D:5:      uniq_eustachio
D:6:      grunt_gozag_breadcrumbs, old_standard_altar, lemuel_doored_altar,
          temple_doors_a, serial_shops, nicolae_shop_behind_doors,
          minmay_door_square

Action                   |  1- 3 |  4- 6 |  7- 9 || total
-------------------------+-------+-------+-------++-------
Melee: Short sword       |    22 |    26 |    44 ||    92
 Fire: Hunting sling     |    47 |     8 |       ||    55
Evoke: Wand              |     2 |    19 |    27 ||    48
  Use: Potion            |       |     5 |     1 ||     6
 Stab: Paralysed         |     4 |       |       ||     4
       Sleeping          |       |     2 |     3 ||     5
  Eat: Bread ration      |       |       |     1 ||     1
       Royal jelly       |       |       |     1 ||     1
